Map: 亚历山大港 - 天梯版

Players

MaNa

  • Race: Protoss Protoss
  • League: Grandmaster

Serral - Winner!

  • Race: Zerg Zerg

Event: WESG 2018 Grand Finals

VOD

Have the link to the VOD?

Description

Time

  • Played on: March 13, 2019, 2:44 a.m.
  • Length: 14:34

All games in this series

Show
View Real Time Build Order
Export as new Build Order

MaNa Protoss 

Build Orders: 1 Gate Expand, Phoenix Opening, Archon Immortal 

Get SALT Encoding   

  12  0:00  Probe  
  13  0:12  Probe  
  14  0:18  Pylon  
  14  0:23  Probe  
  15  0:32  Probe  
  15  0:37  Assimilator  
  15  0:40  Probe  
  16  0:48  Gateway  
  17  0:50  Probe  
  18  0:58  Probe  
  19  1:07  Probe  
  20  1:25  Nexus  
  20  1:36  Cybernetics Core  
  20  1:39  Probe  
  21  1:47  Assimilator  
  21  1:51  Probe  
  22  1:58  Pylon  
  22  2:03  Probe  
  22  2:07  Adept  
  23  2:16  Probe  
  23  2:18  Stargate  
  26  2:24  Warp Gate  
  26  2:28  Probe  
  27  2:37  Adept  
  27  2:38  Probe  
  27  2:40  Probe  
  31  2:50  Probe  
  32  2:52  Probe  
  32  2:53  Phoenix  
  33  3:03  Probe  
  33  3:04  Probe  
  37  3:11  Adept  
  39  3:15  Probe  
  39  3:16  Probe  
  41  3:20  Pylon  
  41  3:24  Assimilator  
  41  3:27  Probe, Assimilator  
  41  3:29  Probe  
  41  3:32  Phoenix  
  45  3:39  Probe  
  45  3:41  Probe  
  47  3:44  Gateway  
  47  3:53  Probe x2  
  49  3:57  Phoenix  
  49  3:59  Pylon  
  51  4:05  Probe x2  
  53  4:11  Pylon  
  53  4:16  Robotics Facility  
  53  4:19  Probe, Forge  
  53  4:21  Probe  
  55  4:27  Probe, Phoenix  
  55  4:29  Probe  
  57  4:34  Adept  
  57  4:35  Probe  
  61  4:44  Adept, Probe  
  61  4:45  Pylon, Probe  
  64  4:46  Protoss Ground Weapons Level 1  
  64  4:50  Pylon  
  66  5:05  Observer  
  67  5:10  Sentry x2  
  71  5:19  Probe  
  72  5:24  Immortal  
  72  5:34  Probe x2  
  76  5:40  Nexus, Sentry x2  
  78  5:43  Gateway  
  78  5:44  Gateway  
  78  5:46  Twilight Council  
  78  5:47  Probe x2  
  78  5:48  Pylon  
  80  5:54  Pylon, Immortal  
  80  5:59  Probe x2  
  86  6:11  Pylon, Probe x2  
  88  6:18  Zealot x2  
  88  6:24  Probe x2  
  88  6:25  Templar Archives  
  94  6:32  Protoss Ground Weapons Level 2  
  94  6:33  Immortal  
  96  6:40  Observer  
  96  6:43  Probe x2, Charge  
  96  6:50  Robotics Facility  
  96  6:56  Probe  
  96  6:57  Pylon  
  96  6:58  Probe x2  
  99  7:05  High Templar x2  
  99  7:08  Probe  
  104  7:09  Assimilator  
  104  7:10  Archon  
  104  7:12  Probe, Assimilator  
  104  7:14  Probe  
  106  7:19  Warp Prism  
  106  7:21  Probe  
  103  7:24  Probe  
  106  7:30  Immortal  
  106  7:35  Probe  
  105  7:40  Probe  
  110  7:44  Immortal  
  110  7:50  Gateway  
  110  7:51  Gateway  
  110  7:53  Gateway  
  110  7:54  Gateway  
  110  7:55  High Templar x2, Zealot x2  
  122  8:00  Archon  
  122  8:11  Photon Cannon  
  122  8:14  Photon Cannon  
  122  8:15  Shield Battery  
  122  8:16  Zealot x2  
  122  8:17  Protoss Ground Weapons Level 3  
  126  8:24  Psionic Storm  
  126  8:31  Zealot  
  126  8:32  Pylon  
  128  8:36  Pylon x2, High Templar x2  
  132  8:46  Pylon  
  132  8:47  Pylon  
  132  8:53  Immortal x2  
  140  8:58  High Templar x2  
  144  9:07  High Templar  
  144  9:14  High Templar  
  146  9:21  Zealot x4  
  154  9:27  Nexus  
  154  9:30  Warp Prism  
  142  9:43  Immortal  
  126  9:48  Archon  
  126  9:50  Zealot x8  
  130  10:01  Pylon  
  130  10:11  High Templar x5  
  130  10:13  Sentry, Zealot x2  
  143  10:28  Pylon  
  143  10:31  Observer  
  143  10:33  High Templar x2  
  147  10:39  Immortal  
  151  10:43  Zealot x3  
  151  10:44  Zealot x3  
  151  10:48  Nexus, Pylon  
  163  10:50  Immortal  
  163  10:56  Pylon  
  167  10:59  Pylon  
  167  11:04  High Templar x2  
  167  11:05  Zealot x6  
  167  11:09  Archon  
  129  11:21  Immortal  
  115  11:29  Immortal  
  99  11:35  High Templar x2  
  99  11:36  Zealot x5  
  113  11:41  High Templar  
  113  11:42  Archon  
  115  11:53  Warp Prism  
  115  12:01  High Templar x2  
  115  12:02  Zealot x3  
  115  12:05  Archon  
  125  12:09  Zealot x2  
  125  12:12  Warp Prism  
  131  12:18  Assimilator  
  131  12:19  Photon Cannon, Assimilator  
  131  12:22  High Templar x2  
  133  12:28  Zealot x2  
  135  12:43  Immortal  
  107  12:57  Immortal  
  87  13:01  High Templar x2, Zealot x6  
  87  13:05  Archon  
  103  13:14  Void Ray  
  107  13:29  Stalker, Zealot x5  
  116  13:44  Zealot x2  
  108  13:52  High Templar x3  
  108  13:53  High Templar  
  108  13:54  Stalker x4  
  124  13:57  Archon x2  
  112  14:22  Zealot x4  
Show
View Real Time Build Order
Export as new Build Order

Serral Zerg - Winner!

Build Orders: Hatch First 

Get SALT Encoding   

  12  0:00  Drone  
  13  0:12  Overlord  
  13  0:18  Drone  
  14  0:31  Drone x2  
  16  0:49  Hatchery  
  15  0:52  Drone  
  15  0:56  Drone  
  17  0:59  Drone  
  18  1:10  Extractor  
  17  1:15  Spawning Pool  
  16  1:18  Drone  
  16  1:21  Drone  
  18  1:28  Drone  
  19  1:39  Drone  
  20  1:50  Overlord  
  20  2:03  Queen  
  20  2:04  Queen, Zergling x4  
  26  2:10  Metabolic Boost  
  26  2:13  Drone  
  27  2:16  Drone  
  27  2:22  Drone x2  
  30  2:41  Hatchery  
  29  2:45  Drone  
  29  2:49  Overlord  
  29  2:53  Queen  
  29  2:56  Drone  
  32  2:58  Drone  
  32  3:03  Drone x2  
  35  3:09  Overlord  
  36  3:12  Zergling x2  
  36  3:14  Drone x2  
  36  3:16  Drone  
  36  3:18  Drone  
  40  3:20  Drone  
  40  3:23  Drone  
  40  3:25  Drone  
  43  3:28  Overlord  
  43  3:34  Queen  
  43  3:38  Overlord  
  45  3:46  Drone  
  46  3:48  Spore Crawler, Drone  
  46  3:49  Drone x2  
  46  3:50  Drone  
  46  3:51  Drone  
  50  3:57  Drone x3  
  50  4:00  Spore Crawler  
  52  4:04  Queen  
  52  4:08  Overlord  
  54  4:10  Zergling x2  
  54  4:14  Drone x2  
  54  4:15  Drone  
  58  4:18  Drone  
  58  4:20  Zergling x2  
  60  4:24  Lair  
  60  4:29  Roach Warren  
  60  4:30  Drone  
  60  4:31  Drone  
  61  4:37  Zergling x4  
  63  4:38  Drone  
  63  4:39  Drone x2  
  63  4:41  Drone x2  
  63  4:44  Overlord  
  69  4:45  Drone x2, Extractor  
  69  4:46  Extractor  
  69  4:48  Drone x2  
  69  4:51  Overlord  
  70  4:55  Spore Crawler  
  70  4:56  Zergling x4  
  71  5:00  Overlord  
  71  5:03  Drone x2  
  73  5:09  Drone x2  
  73  5:11  Extractor  
  73  5:12  Evolution Chamber  
  73  5:13  Overlord  
  73  5:16  Drone x2  
  73  5:17  Zergling x2  
  73  5:18  Zergling x6  
  79  5:23  Spore Crawler  
  79  5:28  Drone x6  
  81  5:36  Drone x2  
  81  5:41  Zerg Melee Weapons Level 1  
  83  5:49  Drone, Extractor  
  86  5:50  Baneling Nest, Drone x3  
  86  5:57  Drone x2  
  86  6:02  Drone  
  87  6:04  Hydralisk Den  
  87  6:05  Hatchery  
  87  6:09  Drone  
  87  6:10  Drone x6, Extractor  
  91  6:16  Drone  
  91  6:18  Overseer, Drone x2  
  90  6:20  Pneumatized Carapace  
  90  6:22  Drone x3  
  93  6:32  Overlord  
  93  6:34  Grooved Spines, Centrifical Hooks  
  93  6:38  Drone x2  
  95  6:41  Overlord  
  95  6:42  Overlord  
  95  6:43  Overlord  
  95  6:44  Overlord x2  
  93  6:51  Infestation Pit  
  93  6:53  Overlord  
  92  6:55  Drone x5  
  92  6:59  Overlord x2, Hydralisk  
  99  7:04  Hydralisk  
  99  7:06  Hydralisk  
  99  7:08  Hydralisk  
  103  7:12  Hydralisk  
  103  7:15  Hydralisk x3  
  104  7:21  Spore Crawler  
  104  7:22  Hydralisk x4  
  112  7:23  Zergling x4  
  118  7:32  Zergling x12  
  118  7:35  Hive  
  123  7:39  Spire  
  123  7:41  Extractor x2  
  123  7:42  Zerg Melee Weapons Level 2  
  120  7:48  Drone  
  120  7:49  Drone x5  
  124  7:53  Muscular Augments  
  124  7:54  Overlord  
  124  7:56  Overlord  
  124  7:58  Drone  
  124  7:59  Hydralisk x3  
  124  8:00  Zergling x2  
  132  8:06  Zergling x10  
  137  8:15  Zergling x14  
  143  8:22  Overlord  
  143  8:25  Hydralisk  
  143  8:26  Zergling x12, Hydralisk  
  152  8:28  Baneling x6  
  152  8:32  Baneling  
  152  8:33  Baneling x9  
  152  8:35  Zergling x6  
  152  8:39  Baneling x9  
  155  8:42  Zergling x2  
  155  8:43  Zergling x6  
  155  8:45  Baneling x5  
  155  8:47  Zergling x4  
  161  8:50  Hydralisk  
  161  8:51  Zergling x4  
  161  8:55  Zergling x10  
  170  8:58  Greater Spire  
  167  9:11  Hydralisk x2  
  167  9:12  Zergling x8  
  173  9:25  Drone  
  173  9:27  Overlord  
  173  9:28  Hydralisk  
  173  9:29  Zergling x2  
  175  9:34  Overlord  
  175  9:36  Zergling x2  
  175  9:37  Zergling x18  
  160  9:43  Zergling x6  
  160  9:44  Hatchery  
  148  9:48  Hydralisk x5  
  134  9:52  Hydralisk  
  134  9:53  Hydralisk x4  
  134  9:57  Zergling x6  
  143  10:06  Hydralisk x4  
  151  10:08  Baneling x6  
  150  10:17  Adrenal Glands  
  154  10:28  Zergling x4  
  157  10:33  Zergling x14  
  157  10:34  Zergling x4  
  154  10:36  Zergling x4  
  154  10:39  Zergling x6  
  159  10:49  Baneling x14  
  159  10:54  Zergling x20  
  168  10:58  Baneling x9  
  167  11:04  Zergling x2  
  167  11:05  Zergling x4  
  167  11:10  Zergling x2  
  167  11:11  Zergling x12  
  173  11:18  Zergling x14  
  155  11:23  Zergling x4  
  135  11:28  Corruptor x2  
  133  11:34  Corruptor x2  
  133  11:37  Baneling x5  
  133  11:38  Baneling x3  
  137  11:41  Hatchery, Corruptor x2  
  140  11:49  Corruptor x3  
  146  11:58  Extractor x2  
  143  12:02  Brood Lord x2  
  146  12:10  Brood Lord x2  
  146  12:15  Brood Lord x2  
  153  12:16  Zergling x16  
  153  12:19  Baneling x6  
  153  12:21  Baneling  
  153  12:22  Baneling x4  
  160  12:32  Brood Lord  
  158  12:40  Brood Lord  
  158  12:43  Zergling x2  
  158  12:44  Zergling x24  
  147  13:00  Drone  
  147  13:06  Drone x3  
  147  13:12  Brood Lord  
  152  13:14  Baneling x7  
  152  13:15  Hatchery  
  151  13:22  Hydralisk x5  
  151  13:26  Hydralisk x2  
  165  13:29  Zergling x4  
  165  13:30  Zergling x2  
  165  13:31  Zergling x2  
  165  13:32  Zergling x2  
  165  13:33  Zergling x2  
  171  13:36  Zergling x4  
  171  13:39  Zergling x8  
  177  13:44  Zergling x8  
  180  13:55  Overlord  
  180  13:59  Baneling x3  
  180  14:00  Baneling, Drone  
  180  14:02  Spore Crawler  
  180  14:03  Hydralisk x3  
  186  14:10  Zergling x10  
Tags
 
Add a new tag
Caveats
  • Supply blocks, unpowered buildings, or Contaminate may cause inaccurate times.
  • Supply counts are checked every 10 seconds.